 Dungeon Crawl Stone Soup version 0.19.5 (webtiles) character file.

1376 tidbits the Fighter (level 8, -1/63 HPs)
             Began as a High Elf Wanderer on Nov 17, 2017.
             Slain by a gnoll
             ... wielding a +1 halberd of electrocution
              (12 damage)
             ... in a bailey.
             The game lasted 00:21:33 (1968 turns).

tidbits the Fighter (High Elf Wanderer)             Turns: 1968, Time: 00:21:34

Health: -1/63      AC: 10    Str: 11    XL:     8   Next: 39%
Magic:  12/12      EV: 10    Int: 17    God:
Gold:   66         SH:  0    Dex: 16    Spells: 0 memorised, 11 levels left

rFire  . . .     SeeInvis .     a - +4 short sword (venom)
rCold  . . .     Gourm    .     B - +0 scale mail {rPois}
rNeg   . . .     Faith    .     (no shield)
rPois  +         Spirit   .     (no helmet)
rElec  .         Reflect  .     (no cloak)
rCorr  .         Harm     .     G - +2 pair of gloves
MR     .....                    (no boots)
Stlth  ..........               (no amulet)
                                (no ring)
                                (no ring)

@: no status effects
A: no striking features
a: no special abilities


You were in a bailey.
You were hungry.

You visited 1 branch of the dungeon, and saw 7 of its levels.
You also visited: Bailey.

You collected 222 gold pieces.
You spent 156 gold pieces at shops.

Inventory:

Hand Weapons
 a - a +4 short sword of venom (weapon)
   (You took it off Terence on level 3 of the Dungeon)
 b - a +0 hunting sling
   (You found it on level 1 of the Dungeon)
 e - a +1 whip of freezing
   (You found it on level 1 of the Dungeon)
 w - a +2 quarterstaff
 A - a +1 dagger of venom
   (You took it off a goblin on level 1 of the Dungeon)
 I - a +0 shortbow
   (You took it off a centaur on level 7 of the Dungeon)
Missiles
 f - 18 sling bullets
 h - 111 stones
 k - 22 tomahawks of returning (quivered)
 v - 43 arrows
Armour
 d - a +0 robe
 B - a +0 scale mail of poison resistance (worn)
   (You took it off Terence on level 3 of the Dungeon)
 C - a +0 leather armour
   (You found it on level 1 of the Dungeon)
 G - a +2 pair of gloves (worn)
   (You found it on level 2 of the Dungeon)
Wands
 s - a wand of random effects (29/48)
   (You found it on level 2 of the Dungeon)
 y - a wand of flame (35/48)
   (You found it on level 3 of the Dungeon)
 K - a wand of iceblast (6/15)
   (You found it on level 7 of the Dungeon)
Scrolls
 u - a scroll of teleportation {unknown}
 z - a scroll of remove curse {unknown}
 D - a scroll of magic mapping
 E - 2 scrolls of enchant weapon
 H - a scroll of silence {unknown}
 L - a scroll of torment {unknown}
Potions
 g - a potion of cure mutation {unknown}
 j - 2 potions of invisibility {unknown}
 m - a potion of berserk rage {unknown}
 n - a potion of haste
 o - 2 potions of degeneration {unknown}
 p - 2 potions of flight
 r - a potion of resistance
 t - a potion of magic
 x - a potion of heal wounds
Comestibles
 c - 3 bread rations
 i - a slice of pizza
 F - a meat ration


   Skills:
 + Level 8.8 Fighting
 - Level 2.0 Staves
 - Level 3.2 Armour
 - Level 4.0 Dodging
   Level 1.7 Shields
 - Level 2.4 Spellcasting
   Level 3.0 Hexes


You had 11 spell levels left.
You didn't know any spells.

Dungeon Overview and Level Annotations

Branches:
Dungeon (7/15)             Temple (0/1) D:7

Altars:

Shops:
D:4 *

Annotations:
D:2 Ijyb


Message History

The gnoll is heavily wounded.
The gnoll closely misses you. x2
You puncture the gnoll!
You kill the gnoll!
The gnoll barely misses you.
A hobgoblin comes into view.
The hobgoblin shouts!
You hear a shout! x3
The gnoll hits you with a halberd.
A hobgoblin comes into view.
You see here a halberd.
You hit the gnoll.
The gnoll is poisoned.
The gnoll is heavily wounded.
The gnoll hits you with a halberd.
You hit the gnoll but do no damage.
The gnoll looks as sick as possible!
The gnoll is heavily wounded.
The gnoll hits you with a halberd.
You hit the gnoll.
You kill the gnoll!
You hit the hobgoblin.
The hobgoblin is poisoned.
The hobgoblin is moderately wounded.
The hobgoblin hits you but does no damage.
You hit the hobgoblin.
The hobgoblin looks as sick as possible!
The hobgoblin is almost dead.
You kill the hobgoblin!
You hit the hobgoblin.
You kill the hobgoblin! 2 kobolds come into view.
The kobold shouts! x2
The kobold moves out of view.
A gnoll comes into view. It is wielding a halberd.
There is an open door here.
Items here: ( ) †† 6 tomahawks of returning; a halberd; a hobgoblin corpse; a gnoll corpse
k - 23 tomahawks of returning (gained 6)
The gnoll moves out of view.
A gnoll comes into view.
It is wielding a halberd of electrocution.
The kobold throws a tomahawk of returning.
The tomahawk of returning hits you but does no damage.
The weapon returns to the kobold!
You see here a halberd.
There is an open door here.
There is an open door here.
The kobold hits you but does no damage.
You puncture the kobold!
You kill the kobold!
The gnoll hits you from afar with a halberd.
The gnoll hits you with a halberd.
* * * LOW HITPOINT WARNING * * *
You see here 4 tomahawks of returning.
You hit the gnoll.
The gnoll is poisoned.
The gnoll is moderately wounded.
The gnoll hits you with a halberd!
* * * LOW HITPOINT WARNING * * *
You barely miss the gnoll.
The gnoll is heavily wounded.
The gnoll hits you with a halberd!
* * * LOW HITPOINT WARNING * * *
You hit the gnoll.
The gnoll looks as sick as possible!
The gnoll is almost dead.
The gnoll barely misses you.
Your scale mail prevents you from hitting the gnoll.
The gnoll is almost dead.
You kill the gnoll!
The kobold throws a tomahawk of returning.
The tomahawk of returning hits you but does no damage.
The weapon returns to the kobold!
Press: ? - help, v - describe, . - travel, g - get item
Here: a gnoll, wielding a halberd of electrocution A halberd.
There is something else lying underneath.
An open door.
Okay, then.
Unknown command.
Unknown command.
Quiver which item? (- for none, * to show all) (? for menu, Esc to quit)
Quivering
k - 23 tomahawks of returning for throwing.
Throwing (i - inventory. (,) - cycle):
k - 23 tomahawks of returning (quivered)
Press: ? - help, Shift-Dir - straight line, f - kobold
Aim: a kobold You throw a tomahawk of returning.
The tomahawk of returning hits the kobold.
You kill the kobold!
The tomahawk of returning fails to return to your pack!
There is a gate leading back out of this place here.
Okay, then.
There is an open door here.
The gnoll closely misses you.
There is an open door here.
You puncture the gnoll!
The gnoll is heavily wounded.
The gnoll hits you but does no damage.
You hit the gnoll.
The gnoll is almost dead.
The gnoll hits you with a halberd of electrocution.
* * * LOW HITPOINT WARNING * * *
You hit the gnoll but do no damage.
The gnoll is poisoned.
The gnoll is almost dead.
The gnoll hits you with a halberd of electrocution!
You die...

### ###
#.###.#
+##'##@## g
#....g## .K
###÷....###
..⌠
#.'..∩..'.#
...
###.....### ..
##(..÷.##
#'###)##'##'##
#.)(###.###∩#
##### ### ###


You could see a gnoll.

Vanquished Creatures
  Grinder (D:5)
  Eustachio (D:5)
  An ogre (D:5)
  2 centaurs (D:7)
  A bullfrog (D:7)
  2 scorpions (D:7)
  4 killer bees (D:7)
  A howler monkey (D:5)
  2 crimson imps
  2 hounds (D:7)
  2 orc priests
  An orc wizard (D:4)
  2 worker ants (D:4)
  Terence (D:3)
  3 gnolls (Bailey)
  A howler monkey skeleton (D:4)
  An adder (D:3)
  A worm (D:3)
  2 dart slugs
  2 leopard geckos (D:4)
  7 orcs
  7 bats
  A giant cockroach (D:3)
  4 goblins
  6 hobgoblins
  2 jackals (D:4)
  A quokka (D:7)
  A frilled lizard (D:3)
  A giant cockroach zombie (D:5)
  9 kobolds
  8 rats
80 creatures vanquished.

Notes
Turn   | Place    | Note
-------+----------+-------------------------------------------
     0 | D:1      | tidbits the High Elf Wanderer began the quest for the Orb.
     0 | D:1      | tidbits set off with: a +2 quarterstaff, a potion of lignification, a +0 robe, a bread ration
     0 | D:1      | Reached XP level 1. HP: 13/13 MP: 4/4
    77 | D:1      | Reached skill level 1 in Dodging
   124 | D:1      | Reached XP level 2. HP: 8/18 MP: 6/6
   184 | D:1      | Reached skill level 2 in Dodging
   531 | D:2      | Noticed Ijyb
   570 | D:3      | Reached XP level 3. HP: 24/24 MP: 7/7
   583 | D:3      | Noticed Terence
   594 | D:4      | Reached skill level 2 in Fighting
   595 | D:4      | Reached skill level 3 in Fighting
   595 | D:4      | Reached XP level 4. HP: 9/31 MP: 8/8
   841 | D:4      | Reached skill level 4 in Fighting
   841 | D:4      | Reached XP level 5. HP: 18/37 MP: 9/9
   925 | D:4      | Found Ceniyta's Assorted Antiques.
   928 | D:4      | Bought a bubbling sapphire potion for 24 gold pieces
   928 | D:4      | Bought a red potion for 24 gold pieces
   928 | D:4      | Bought a scroll labeled WUCSILL VUISK for 27 gold pieces
   928 | D:4      | Bought a scroll labeled GUESTY RUOCOA for 27 gold pieces
  1039 | D:3      | Killed Terence
  1039 | D:3      | Reached skill level 5 in Fighting
  1183 | D:4      | Noticed a phantom
  1289 | D:4      | Bought a scroll labeled FEQ UDOERAUH for 27 gold pieces
  1289 | D:4      | Bought a scroll labeled JOSKUBR JODA for 27 gold pieces
  1295 | D:5      | Entered Level 5 of the Dungeon
  1355 | D:5      | Reached XP level 6. HP: 33/45 MP: 10/10
  1463 | D:5      | Reached skill level 6 in Fighting
  1509 | D:5      | Noticed Grinder
  1531 | D:5      | Killed Grinder
  1531 | D:5      | Reached skill level 3 in Armour
  1531 | D:5      | Reached XP level 7. HP: 52/52 MP: 11/11
  1551 | D:5      | Noticed Eustachio
  1585 | D:5      | Killed Eustachio
  1585 | D:5      | Reached skill level 4 in Dodging
  1639 | D:7      | Reached skill level 7 in Fighting
  1676 | D:7      | Reached XP level 8. HP: 21/60 MP: 12/12
  1690 | D:7      | HP: 4/60 [centaur (6)]
  1698 | D:7      | HP: 4/61 [crimson imp (1)]
  1707 | D:7      | Reached skill level 8 in Fighting
  1756 | D:7      | HP: 3/62 [killer bee (8)]
  1762 | D:7      | Found a flagged portal.
  1771 | Bailey   | Entered a bailey
  1784 | Bailey   | HP: 5/62 [hobgoblin (3)]
  1968 | Bailey   | Slain by a gnoll

Skill      XL: |  1  2  3  4  5  6  7  8 |
---------------+-------------------------+-----
Dodging        | 1 2 4 |  4.0
Fighting       | 3 4 5 6 7 8 |  8.8
Armour         | 3 |  3.2
Staves         | |  2.0
Shields        | |  1.7
Spellcasting   | |  2.4
Hexes          | |  3.0

Action                   |  1- 3 |  4- 6 |  7- 9 || total
-------------------------+-------+-------+-------++-------
Melee: Quarterstaff      |    38 |    13 |       ||    51
       Dagger            |    21 |    59 |       ||    80
       Short sword       |       |    23 |   100 ||   123
       Unarmed           |       |    12 |       ||    12
 Fire: Hunting sling     |     7 |     2 |       ||     9
       Shortbow          |       |       |     2 ||     2
Throw: Stone             |       |     2 |       ||     2
       Tomahawk          |       |       |     1 ||     1
Evoke: Wand              |     1 |     7 |       ||     8
  Use: Scroll            |       |     6 |     4 ||    10
       Potion            |       |     2 |     6 ||     8
 Stab: Paralysed         |       |     2 |       ||     2
       Distracted        |       |     1 |       ||     1
  Eat: Chunk             |       |     1 |     2 ||     3
       Fruit             |       |     1 |       ||     1
Armor: Leather armour    |    25 |    18 |       ||    43
       Scale mail        |       |    13 |    68 ||    81
       Skin              |       |     6 |       ||     6
Dodge: Dodged            |    49 |    47 |    79 ||   175

Table legend:
 A = Turns spent in this place as a percentage of turns spent in the entire game.
 B = Non-inter-level travel turns spent in this place as a percentage of non-inter-level travel turns spent in the entire game.
 C = Inter-level travel turns spent in this place as a percentage of turns spent in this place.
 D = Turns resting spent in this place as a percentage of non-inter-level travel turns spent in this place.
 E = Turns spent auto-exploring this place as a percentage of non-inter-level travel turns spent in this place.
 F = Non-inter-level travel turns spent in this place divided by the number of levels of this place that you've seen.
                   A       B       C       D       E      F
               +-------+-------+-------+-------+-------+----------------------
         Total | 100.0 | 100.0 |   0.1 |   0.0 |   0.0 | 214.5
       Dungeon |  87.8 |  87.8 |   0.1 |   0.0 |   0.0 | 215.1
        Bailey |  12.2 |  12.2 |   0.0 |   0.0 |   0.0 | 210.0
               +-------+-------+-------+-------+-------+----------------------

Table legend:
 A = Kills in this place as a percentage of kills in entire the game.
 B = Kills by you in this place as a percentage of kills by you in the entire game.
 C = Kills by friends in this place as a percentage of kills by friends in the entire game.
 D = Other kills in this place as a percentage of other kills in the entire game.
 E = Experience gained in this place as a percentage of experience gained in the entire game.
 F = Experience gained in this place divided by the number of levels of this place that you have seen.
                   A       B       C       D       E      F
               +-------+-------+-------+-------+-------+----------------------
         Total | 100.0 | 100.0 |  -nan |  -nan | 100.0 | 245.9
       Dungeon |  85.0 |  85.0 |  -nan |  -nan |  97.1 | 272.9
        Bailey |  15.0 |  15.0 |  -nan |  -nan |   2.9 |  57.0
               +-------+-------+-------+-------+-------+----------------------

Vault maps used:
D:1:      evilmike_arrival_fibonacci_small, wad_floor_pattern_untrapped
D:2:      tso_metal_star, uniq_iyjb
D:3:      st_stairs_11, uniq_terence
D:4:      minmay_door_path, serial_shops, kennysheep_mini, st_stairs_6
D:5:      nicolae_overflow_hidden_temple, first_bread, uniq_grinder,
          uniq_eustachio
D:6:      uniq_crazy_yiuf_cottage
D:7:      minmay_temple_entry_mist, enter_bailey_2, wad_rectangle_vault
Bailey:   bailey_axe_2, bailey
